 Dungeon Crawl Stone Soup version 0.31-a0-844-gdc52ec4e09 (webtiles) character file.

Game seed: 8144885810813367849

11107 Ijustatesigmund the Thaumaturge (level 11, -1/62 HPs)
             Began as a Deep Elf Fire Elementalist on Sept 28, 2023.
             Slain by a boulder beetle (17 damage)
             ... on level 10 of the Dungeon.
             The game lasted 00:31:09 (13127 turns).

Ijustatesigmund the Thaumaturge (DEFE)             Turns: 13127, Time: 00:31:11

Health: -1/62      AC:  8    Str:  5    XL:     11   Next: 45%
Magic:  31/37      EV: 14    Int: 27    God:
Gold:   326        SH:  5    Dex: 15    Spells: 19/33 levels left

rFire   + + +        r - +2 orcbow (heavy)
rCold   . . .        (shield currently unavailable)
rNeg    + . .        a - +0 steam dragon scales
rPois   .            B - +0 hat {SInv}
rElec   +            g - +0 cloak
rCorr   .            m - +1 pair of gloves
SInv    +            (no boots)
Will    +....        l - amulet of reflection
Stlth   ++           A - ring of wizardry
HPRegen 0.30/turn    w - ring of Incredulity {rElec rF+++ rN+ MP+9 Int+2}
MPRegen 0.25/turn

%: reflection, wizardry (x1)
@: no status effects
A: no striking features
a: no special abilities


You were on level 10 of the Dungeon.
You visited 1 branch of the dungeon, and saw 10 of its levels.
You also visited: Ossuary.

You collected 326 gold pieces.

Inventory:

Hand Weapons
 e - a +0 trident
 r - a +2 heavy orcbow (weapon)
 u - a +1 orcbow
Armour
 a - +0 steam dragon scales (worn)
 g - a +0 cloak (worn)
 m - a +1 pair of gloves (worn)
 q - an orb of energy
 B - a +0 hat of see invisible (worn)
 E - +0 acid dragon scales
Jewellery
 c - a ring of willpower
 l - an amulet of reflection (around neck)
 p - a ring of protection from fire
 v - a +6 ring of intelligence
 w - the ring of Incredulity (right hand) {rElec rF+++ rN+ MP+9 Int+2}
   (You took it off an orc priest on level 9 of the Dungeon)

   [ring of positive energy]

   Int+2:     It affects your intelligence (+2).
   rF+++:     It renders you almost immune to fire.
   rElec:     It insulates you from electricity.
   rN+:       It protects you from negative energy.
   MP+9:      It affects your magic capacity (+9).
 A - a ring of wizardry (left hand)
 D - a ring of willpower
Wands
 j - a wand of roots (1)
 o - a wand of flame (11)
Scrolls
 d - 2 scrolls of identify
 f - 2 scrolls of butterflies
 y - 2 scrolls of immolation
 z - a scroll of revelation
 C - 2 scrolls of amnesia
Potions
 b - a potion of magic
 h - 3 potions of might
 i - a potion of attraction
 k - 2 potions of curing
 n - a potion of cancellation
 s - 2 potions of mutation
 t - a potion of lignification
 x - 2 potions of enlightenment


   Skills:
 + Level 4.6 Fighting
 + Level 6.1 Ranged Weapons
 - Level 4.7 Dodging
 - Level 2.4 Stealth
 + Level 11.7 Spellcasting
 + Level 9.6 Conjurations
 - Level 5.0 Necromancy
 + Level 10.1 Fire Magic
 + Level 2.8 Earth Magic
 - Level 3.2 Evocations


You had 19 spell levels left.
You knew the following spells:

 Your Spells              Type           Power      Damage    Failure   Level
a - Foxfire               Conj/Fire      100%       2x1d9     1%          1
b - Scorch                Fire           100%       2d9       1%          2
c - Flame Wave            Conj/Fire      62%        2d14      1%          4
d - Dispel Undead         Necr           43%        3d17      1%          4
e - Stone Arrow           Conj/Erth      98%        3d13      1%          3

Your spell library contained the following spells:

 Spells                   Type           Power      Damage    Failure   Level
 Apportation              Tloc           30%        N/A       1%          1
 Kiss of Death            Conj/Necr      100%       2d13      1%          1
 Necrotise                Necr           100%       1d9       1%          1
 Sandblast                Erth           60%        2d14      1%          1
 Summon Small Mammal      Summ           60%        N/A       1%          1
 Passwall                 Tmut/Erth      19%        N/A       1%          2
 Inner Flame              Hex/Fire       43%        N/A       1%          3
 Volatile Blastmotes      Fire/Tloc      86%        2d17      1%          3
 Brom's Barrelling Bould  Conj/Erth      49%        2d7       1%          4
 Jinxbite                 Hex            30%        N/A       2%          2
 Lesser Beckoning         Tloc           30%        N/A       2%          2
 Confusing Touch          Hex            15%        N/A       4%          3
 Gell's Gravitas          Tloc           15%        N/A       4%          3
 Teleport Other           Tloc           15%        N/A       4%          3
 Alistair's Intoxication  Tmut/Pois      10%        N/A       36%         5


Dungeon Overview and Level Annotations

Branches:
Dungeon (10/15)              Lair (0/5) D:9         Ossuary (visited)
 Temple: D:4-7          Orc: D:9-12

Altars:
Ashenzari
Cheibriados
Qazlal
Trog
Uskayaw
The Shining One


Message History

Press: ? - help, Shift-Dir - straight line, p - boulder beetle The roots erupt in riotous growth!
Roots grab the boulder beetle.
The grasping roots constrict the boulder beetle, but do no damage.
The boulder beetle struggles to escape constriction.
The boulder beetle escapes!
You shoot an arrow. The arrow hits the boulder beetle!
The boulder beetle is moderately wounded.
Casting: Flame Wave (safe; 1% risk of failure)
Confirm with . or Enter, or press ? or * to list all spells.
Flames lash the boulder beetle.
The boulder beetle is moderately wounded.
The boulder beetle's fire resistance burns away.
The boulder beetle hits you!!!
Ouch! That really hurt!
The boulder beetle stops rolling and uncurls.
The boulder beetle closely misses you.
You feel better. The boulder beetle bites you!!
* * * LOW HITPOINT WARNING * * *
Okay, then.
Okay, then.
Okay, then.
Okay, then.
Casting: Scorch (safe; 1% risk of failure)
Confirm with . or Enter, or press ? or * to list all spells.
Casting: Flame Wave (safe; 1% risk of failure)
Press: ? - help, Dir - look around, f - activate A wave of flame ripples out!
The flame wave engulfs the boulder beetle!
The boulder beetle is burned terribly!
The boulder beetle is moderately wounded. (Press . to intensify the flame waves.)
The boulder beetle bites you but does no damage.
A wave of flame ripples out!
The flame wave engulfs the boulder beetle!
The boulder beetle is burned terribly!
The boulder beetle is heavily wounded.
The boulder beetle is no longer more vulnerable to fire.
The boulder beetle bites you!
You die...

#........#....
#........#...>
#...##...#....
###########(..##...##...
...................#####
........................
........................
..............).........
......!@.†..............
###...#B..........).....
#####.####+###........
#.. #...##... #.. ##+##
.. #... . #... #....


You could see a boulder beetle.

Vanquished Creatures
  Gastronok (D:8)
  2 ugly things (D:9)
  2 manticores (D:9)
  A kobold demonologist (D:9)
  A troll (D:9)
  Grinder (D:4)
  Sigmund (D:2)
  A vampire (D:8)
  8 yaks (D:9)
  2 wyverns (D:10)
  Grum (D:8)
  2 steam dragons (D:8)
  An acid dragon (D:10)
  An orc warrior (D:8)
  A hornet zombie (Ossuary)
  A sky beast (D:6)
  3 black bears
  An ice beast (D:6)
  5 ogres
  3 wolves (D:8)
  6 centaurs
  5 phantoms
  3 kobold brigands
  3 wyvern zombies (Ossuary)
  A gnoll sergeant (D:6)
  8 scorpions
  6 bullfrogs
  A water moccasin zombie (Ossuary)
  5 wights
  4 killer bees
  3 howler monkeys
  5 centaur zombies (Ossuary)
  A gnoll bouda (D:6)
  3 bullfrog zombies (Ossuary)
  7 hounds
  A jelly (D:6)
  2 orc priests
  Jessica (D:2)
  8 iguanas
  Terence (D:3)
  4 orc wizards
  Natasha (thrice) (D:3)
  3 killer bee zombies (Ossuary)
  14 mummies
  7 adders
  13 gnolls
  3 shadow imps
  2 white imps (D:6)
  An ufetubus (D:4)
  A worm (D:5)
  5 dart slugs
  15 orcs
  10 ball pythons
  6 endoplasms
  4 giant cockroaches
  9 hobgoblins
  3 quokkas
  6 bats
  5 goblins
  10 kobolds
  A kobold zombie (D:8)
  3 rats (D:1)
241 creatures vanquished.

Vanquished Creatures (collateral kills)
  10 foxfires (D:1)
10 creatures vanquished.

Vanquished Creatures (others)
  248 foxfires
248 creatures vanquished.

Grand Total: 499 creatures vanquished

Notes
Turn   | Place    | Note
-------+----------+-------------------------------------------
     0 | D:1      | Ijustatesigmund the Deep Elf Fire Elementalist began the
                  | quest for the Orb.
     0 | D:1      | Reached XP level 1. HP: 10/10 MP: 6/6
   145 | D:1      | Reached XP level 2. HP: 16/16 MP: 2/8
   148 | D:1      | Learned a level 2 spell: Scorch
   225 | D:1      | Found a faded altar of an unknown god.
   614 | D:1      | Reached XP level 3. HP: 20/20 MP: 8/10
  1035 | D:2      | Noticed Sigmund
  1044 | D:2      | Killed Sigmund
  1045 | D:2      | Reached skill level 1 in Fighting
  1045 | D:2      | Reached skill level 4 in Spellcasting
  1045 | D:2      | Reached XP level 4. HP: 22/26 MP: 3/12
  1045 | D:2      | Reached XP level 5. HP: 25/30 MP: 3/14
  1063 | D:2      | Learned a level 4 spell: Flame Wave
  1849 | D:2      | Noticed Jessica
  1850 | D:2      | Killed Jessica
  1851 | D:2      | Reached skill level 5 in Spellcasting
  1851 | D:2      | Reached XP level 6. HP: 35/35 MP: 12/15
  2299 | D:3      | Reached skill level 1 in Evocations
  2834 | D:3      | Noticed Natasha
  2847 | D:3      | Killed Natasha
  2848 | D:3      | Reached skill level 5 in Fire Magic
  2994 | D:3      | Noticed Natasha
  3027 | D:3      | Killed Natasha
  3126 | D:3      | Noticed Terence
  3131 | D:3      | Killed Terence
  3282 | D:3      | Noticed Natasha
  3286 | D:3      | Killed Natasha
  3342 | D:4      | Reached XP level 7. HP: 40/40 MP: 13/17
  3392 | D:4      | Found a bloodstained altar of Trog.
  3416 | D:3      | Reached skill level 6 in Spellcasting
  4079 | D:4      | Reached skill level 1 in Ranged Weapons
  4211 | D:4      | Reached skill level 5 in Conjurations
  4211 | D:4      | Reached XP level 8. HP: 25/44 MP: 11/20
  4850 | D:4      | Noticed Grinder
  4859 | D:4      | Killed Grinder
  4860 | D:4      | Reached skill level 7 in Spellcasting
  5394 | D:5      | Entered Level 5 of the Dungeon
  6606 | D:6      | Found a hide-covered altar of Uskayaw.
  6627 | D:6      | Learned a level 4 spell: Dispel Undead
  6746 | D:6      | Reached XP level 9. HP: 41/48 MP: 17/22
  6799 | D:6      | Reached skill level 8 in Spellcasting
  6799 | D:6      | Reached skill level 1 in Necromancy
  8218 | D:6      | Reached skill level 9 in Spellcasting
  8752 | D:7      | You fall into a shaft and drop 1 floor!
  8752 | D:8      | Found a stormy altar of Qazlal.
  8804 | D:8      | Found a sand-covered staircase.
  8830 | Ossuary  | Entered an ossuary
  8971 | Ossuary  | Reached XP level 10. HP: 53/53 MP: 15/25
  9325 | Ossuary  | Reached skill level 5 in Necromancy
  9690 | D:8      | Reached skill level 10 in Spellcasting
 10239 | D:8      | Found a snail-covered altar of Cheibriados.
 10247 | D:8      | Noticed Gastronok
 10258 | D:8      | Killed Gastronok
 10389 | D:8      | Found a broken altar of Ashenzari.
 10812 | D:8      | Noticed Grum
 10820 | D:8      | Killed Grum
 10977 | D:8      | Reached skill level 11 in Spellcasting
 11005 | D:8      | Noticed a tengu warrior
 11037 | D:8      | Found a glowing golden altar of the Shining One.
 11213 | D:9      | Found a staircase to the Lair.
 11693 | D:9      | Learned a level 3 spell: Stone Arrow
 11785 | D:9      | Reached XP level 11. HP: 44/61 MP: 21/28
 11859 | D:9      | Reached skill level 5 in Ranged Weapons
 11864 | D:9      | Reached skill level 1 in Earth Magic
 11877 | D:9      | Identified the ring of Incredulity {rElec rF+++ rN+ MP+9
                  | Int+2}
 11881 | D:9      | Noticed a cyan ugly thing
 11886 | D:9      | Noticed a cyan ugly thing
 11890 | D:9      | Killed a cyan ugly thing
 11892 | D:9      | Reached skill level 10 in Fire Magic
 11898 | D:9      | Killed a cyan ugly thing
 12697 | D:10     | Entered Level 10 of the Dungeon
 12749 | D:9      | Identified the ring of the Present {Contam Fly Str+6 Int+6}
 12749 | D:9      | Noticed a deep elf pyromancer
 13053 | D:10     | Noticed a boulder beetle
 13127 | D:10     | Slain by a boulder beetle

Illustrated notes

Levels and vault maps discovered:
D:1:      minmay_arrival_widening_spiral_wide, layout_rooms,
          shapermc_ecumenical_altar_gd
D:2:      layout_basic, uniq_jessica, uniq_sigmund
D:3:      layout_basic, serial_bayou, serial_bayou_pond_b, serial_bayou_pond_b,
          serial_bayou_pond_e, serial_bayou_crossing, uniq_natasha, uniq_terence
D:4:      layout_basic, trog_ov_bears_minmay, uniq_grinder
D:5:      layout_rooms, st_stairs_13, nicolae_hexahallways
D:6:      minmay_chambers_of_threes, layout_layer_cave,
          mainiacjoe_overflow_catwalk, minmay_parallelograms
D:7:      layout_gridville, minmay_temple_entry_gardened_gates
D:8:      layout_basic, lemuel_round_altar, lemuel_round_altar, tso_metal_star,
          mainiacjoe_overflow_brackets, nicolae_ossuary_entry_giza,
          minmay_hedge_maze, wad_dig_loot, uniq_gastronok, uniq_grum
D:9:      minmay_the_grid_octo_tiled_octocenter [minmay_the_grid_octo_pinwheel,
          minmay_the_grid_octo_checkered, minmay_the_grid_octo_chip,
          minmay_the_grid_octo_concentric,
          minmay_the_grid_octo_prize_ultimate_mussel_roller,
          minmay_the_grid_square_5x5_hourglass,
          minmay_the_grid_square_5x5_sharp_hourglass,
          minmay_the_grid_square_5x5_v, minmay_the_grid_square_5x5_inset],
          layout_layer_cave, nicolae_sif_muna_condensation,
          hangedman_ru_absence, nemelex_spade_bored_becter, old_standard_altar,
          nicolae_shop_i_like_big_books, amcnicky_mini_rare_corridor_liquid
D:10:     cheibrodos_ideogram_h, layout_gridville, marbit_many_paths

Skill      XL: |  1  2  3  4  5  6  7  8  9 10 11 |
---------------+----------------------------------+-----
Fighting       | 1 2 4 |  4.6
Spellcasting   | 4 5 6 7 9 11 | 11.7
Conjurations   | 3 4 5 6 7 9 |  9.6
Fire Magic     | 4 5 6 8 9 10 | 10.1
Evocations     | 2 3 |  3.2
Ranged Weapons | 1 4 6 |  6.1
Dodging        | 3 4 |  4.7
Necromancy     | 4 5 |  5.0
Earth Magic    | 2 |  2.8
Stealth        | |  2.4

Action                     |  1- 3 |  4- 6 |  7- 9 | 10-12 || total
---------------------------+-------+-------+-------+-------++-------
  Melee: Trident           |    17 |     1 |     1 |       ||    19
         Punch             |     1 |       |       |       ||     1
   Fire: Orcbow            |       |       |   142 |   148 ||   290
   Cast: Foxfire           |    50 |    64 |    36 |     5 ||   155
         Scorch            |     5 |    15 |    88 |    23 ||   131
         Flame Wave        |       |       |    12 |    24 ||    36
         Dispel Undead     |       |       |     6 |    11 ||    17
         Stone Arrow       |       |       |       |     1 ||     1
  Evoke: Wand              |       |       |     1 |     4 ||     5
    Use: Scroll            |       |       |    12 |     9 ||    21
         Potion            |       |       |     4 |     5 ||     9
 Armour: Robe              |     9 |    10 |   105 |    20 ||   144
         Steam dragon scal |       |       |       |    70 ||    70
         Skin              |       |       |       |    11 ||    11
  Dodge: Dodged            |    10 |     4 |   122 |   106 ||   242
  Block: Other             |       |     4 |    40 |    26 ||    70
         Reflection        |       |       |       |     3 ||     3

Table legend: (Time is in decaauts)
 A = Elapsed time spent in this place.
 B = Non-inter-level travel time spent in this place.
 C = Inter-level travel time spent in this place.
 D = Time resting spent in this place.
 E = Time spent auto-exploring this place.
 F = Levels seen in this place.
 G = Mean time per level.
                   A        B        C        D        E       F      G
               +--------+--------+--------+--------+--------+-----+--------+
         Total |  13360 |  13144 |    216 |   4255 |   6925 |  11 | 1214.5 |
       Dungeon |  12449 |  12233 |    216 |   3765 |   6714 |  10 | 1244.9 |
       Ossuary |    911 |    911 |      0 |    490 |    211 |   1 |  911.0 |
               +--------+--------+--------+--------+--------+-----+--------+

Top non-repeatable levels by time:
     D:8: 2424 daAuts
     D:6: 2048 daAuts
     D:4: 1904 daAuts
     D:3: 1421 daAuts
     D:2: 1259 daAuts
     D:5: 1085 daAuts
     D:1: 930 daAuts
 Ossuary: 911 daAuts
     D:9: 802 daAuts
    D:10: 417 daAuts
     D:7: 155 daAuts
